 Dungeon Crawl Stone Soup version 0.21-a0-513-gdcb3f5eb25 (webtiles) character file.

1614 Pippin the Thrower (level 8, -5/37 HPs)
             Began as a Spriggan Hunter on Dec 2, 2017.
             Was an Initiate of Trog.
             Slain by a freed slave (8 damage)
             ... led by Pikel
             ... on level 5 of the Dungeon.
             The game lasted 00:27:21 (7882 turns).

Pippin the Thrower (Spriggan Hunter)                Turns: 7882, Time: 00:27:21

Health: -5/37      AC:  2    Str:  8    XL:     8   Next: 64%
Magic:  9/9        EV: 18    Int: 12    God:    Trog [......]
Gold:   358        SH:  0    Dex: 19    Spells: 7/7 levels left

rFire    + . .     SeeInvis +   (weapon restricted)
rCold    . . .     Gourm    .   (shield restricted)
rNeg     . . .     Faith    .   b - +0 robe
rPois    +         Spirit   .   (helmet restricted)
rElec    .         Reflect  .   (no cloak)
rCorr    .         Harm     .   (gloves unavailable)
MR       +....                  (boots unavailable)
Stlth    +++.......             H - amulet of magic regeneration
HPRegen  0.12/turn              o - ring of protection from fire
MPRegen  0.36/turn              g - ring of poison resistance

@: very quick
A: very small, unfitting armour, see invisible, herbivore 3, speed 3, slow
metabolism 2
a: Burn Spellbooks, Renounce Religion


You were on level 5 of the Dungeon.
You worshipped Trog.
Trog was noncommittal.
You were very hungry.

You visited 2 branches of the dungeon, and saw 8 of its levels.

You collected 358 gold pieces.

Inventory:

Missiles
 d - 4 tomahawks
 l - 66 stones (quivered)
 J - 4 poisoned tomahawks
Armour
 b - a +0 robe (worn)
Jewellery
 g - a ring of poison resistance (right hand)
 o - a ring of protection from fire (left hand)
 u - a +5 ring of intelligence
 H - an amulet of magic regeneration (around neck)
Wands
 c - a wand of digging (7)
 y - a wand of flame (36)
 z - a wand of acid (13)
Scrolls
 e - 6 scrolls of remove curse
 i - a scroll of blinking {unknown}
 j - 6 scrolls of identify {unknown}
 k - 6 scrolls of teleportation {unknown}
 m - 2 scrolls of amnesia {unknown}
 n - 3 scrolls of enchant weapon {unknown}
 s - 2 scrolls of immolation {unknown}
 t - a scroll of magic mapping {unknown}
 w - a scroll of fear {unknown}
 C - a scroll of fog {unknown}
 G - a scroll of noise {unknown}
Potions
 a - a potion of heal wounds {unknown}
 h - a potion of degeneration {unknown}
 p - a potion of might {unknown}
 q - a potion of agility {unknown}
 x - a potion of brilliance {unknown}
 B - a potion of lignification {unknown}
 F - a potion of invisibility {unknown}
 I - a potion of magic {unknown}
Books
 D - a book of Geomancy

   Spells                             Type                      Level
   a - Sandblast                      Earth                        1
   b - Passwall                       Transmutation/Earth          2
   c - Stone Arrow                    Conjuration/Earth            3
   d - Petrify                        Transmutation/Earth          4
   e - Lee's Rapid Deconstruction     Earth                        5
   Trog disapproves of the use of such an item.
Comestibles
 f - 6 bread rations
 r - 2 royal jellies
 v - 3 fruits


   Skills:
 - Level 1.5 Fighting
 * Level 11.0 Throwing
 - Level 3.0 Dodging
 + Level 5.4 Stealth


You had 7 spell levels left.
You didn't know any spells.

Dungeon Overview and Level Annotations

Branches:
Dungeon (7/15)             Temple (1/1) D:6

Altars:
Ashenzari
Cheibriados
Dithmenos
Elyvilon
Hepliaklqana
Kikubaaqudgha
Makhleb
Nemelex Xobeh
Okawaru
Qazlal
Ru
Trog
Uskayaw
Xom
Yredelemnul
Zin


Innate Abilities, Weirdness & Mutations

You are very small and have problems with some larger weapons.
You are too small for most types of armour.
You have supernaturally acute eyesight. (SInv)
You are a herbivore.
You cover ground extremely quickly.
You need consume almost no food.


Message History

Press: ? - help, Shift-Dir - straight line, f/p - freed slave
Aim: a freed slave, wearing an animal skin (almost dead)
You throw a stone.
The stone closely misses the freed slave.
Unknown command.
Throwing (i - inventory. (,) - cycle):
l - 68 stones (quivered)
Press: ? - help, Shift-Dir - straight line, f/p - freed slave
Aim: a freed slave, wearing an animal skin (almost dead)
You throw a stone.
The stone hits the freed slave but does no damage.
The freed slave is almost dead.
The freed slave hits you.
* * * LOW HITPOINT WARNING * * *
Throwing (i - inventory. (,) - cycle):
l - 67 stones (quivered)
Press: ? - help, Shift-Dir - straight line, f/p - freed slave
Aim: a freed slave, wearing an animal skin (almost dead)
You throw a stone. The stone hits the freed slave.
The freed slave is almost dead.
The freed slave hits you!
You die...

#.## ###.# #.## ##.##
##...# ##.####
##.#######.##.##
##...#
#........####.####..##
########## ##..#....##
##...##..##
#>.#####.## #######..#
#..## ##p@......##
##..## ##(.##......##
##..#
##(######.....#####...
##(## ######...#....
##(## ###.....# #..#
####### #.## #[# ###
#.# ##.##


You could see a freed slave.

Vanquished Creatures
  Pikel (D:5)
  An orc warrior (D:6)
  An ogre (D:3)
  3 slaves (D:5)
  A black bear (D:7)
  A centaur (D:7)
  A bullfrog (D:6)
  A scorpion (D:4)
  A howler monkey (D:2)
  A crimson imp (D:5)
  4 hounds
  A bullfrog skeleton (D:5)
  A centaur skeleton (D:5)
  An orc wizard (D:7)
  An iguana (D:4)
  Natasha (thrice) (D:4)
  7 worker ants
  9 adders
  2 oozes
  An adder zombie (D:5)
  A worm (D:3)
  3 dart slugs
  3 leopard geckos
  11 orcs
  2 ball pythons
  5 giant cockroaches
  9 goblins
  5 hobgoblins
  6 jackals
  10 kobolds
  A quokka (D:4)
  6 bats
  3 frilled lizards
  A jackal skeleton (D:4)
  A jackal zombie (D:6)
  A quokka skeleton (D:7)
  6 rats
116 creatures vanquished.

Notes
Turn   | Place    | Note
-------+----------+-------------------------------------------
     0 | D:1      | Pippin the Spriggan Hunter began the quest for the Orb.
     0 | D:1      | Reached XP level 1. HP: 10/10 MP: 2/2
   166 | D:1      | Reached XP level 2. HP: 14/14 MP: 3/3
   495 | D:1      | Reached skill level 5 in Throwing
   538 | D:1      | Reached XP level 3. HP: 18/18 MP: 4/4
  1197 | D:2      | Found a shattered altar of Ashenzari.
  1401 | D:2      | Reached XP level 4. HP: 14/22 MP: 5/5
  1627 | D:2      | Reached skill level 6 in Throwing
  1663 | D:2      | Reached XP level 5. HP: 19/25 MP: 6/6
  2086 | D:3      | Found an ancient bone altar of Kikubaaqudgha.
  2097 | D:3      | Noticed an ogre
  2103 | D:3      | Killed an ogre
  2103 | D:3      | Reached skill level 7 in Throwing
  2106 | D:3      | Found a sparkling altar of Nemelex Xobeh.
  2134 | D:3      | Found a bloodstained altar of Trog.
  2355 | D:3      | Reached XP level 6. HP: 21/30 MP: 7/7
  2793 | D:4      | Found a hide-covered altar of Uskayaw.
  2794 | D:4      | Noticed a hand axe
  2794 | D:4      | Noticed a hand axe
  2901 | D:4      | Noticed Natasha
  2907 | D:4      | Killed Natasha
  3262 | D:4      | Reached skill level 8 in Throwing
  3527 | D:5      | Entered Level 5 of the Dungeon
  3545 | D:4      | Noticed Natasha
  3551 | D:4      | Killed Natasha
  3578 | D:4      | Found a hide-covered altar of Uskayaw.
  3822 | D:4      | Noticed Natasha
  3838 | D:4      | Killed Natasha
  4123 | D:5      | Noticed Pikel
  4123 | D:5      | Noticed a slave
  4123 | D:5      | Noticed a slave
  4124 | D:5      | Noticed a slave
  4125 | D:5      | Noticed a slave
  4342 | D:5      | Found a sacrificial altar of Ru.
  4511 | D:5      | Reached XP level 7. HP: 12/33 MP: 8/8
  4672 | D:5      | Found a burning altar of Makhleb.
  4675 | D:5      | Found a snail-covered altar of Cheibriados.
  4677 | D:5      | Found a basalt altar of Yredelemnul.
  4680 | D:5      | Found a shadowy altar of Dithmenos.
  5255 | D:6      | Reached skill level 9 in Throwing
  5623 | D:6      | Found a staircase to the Ecumenical Temple.
  6182 | D:7      | Reached skill level 10 in Throwing
  6356 | D:7      | Reached XP level 8. HP: 27/37 MP: 9/9
  7028 | Temple   | Entered the Ecumenical Temple
  7295 | D:3      | Became a worshipper of Trog the Wrathful
  7765 | D:5      | Killed Pikel
  7765 | D:5      | Reached skill level 11 in Throwing
  7765 | D:5      | Reached skill level 5 in Stealth
  7882 | D:5      | Slain by a freed slave

Vault maps used:
D:1:      dpeg_arrival_prison
D:2:      nicolae_ashenzari_panopticon
D:3:      lemuel_crystal_altar, grunt_temple_overflow_open, serial_glass,
          glass_columns_c, glass_columns_b
D:4:      dancing_weapons_uskayaw, first_bread, uniq_natasha
D:5:      minitemple, uniq_pikel
D:6:      temple_fountains
Temple:   minmay_temple_curvy_loop

Skill      XL: |  1  2  3  4  5  6  7  8 |
---------------+-------------------------+-----
Throwing       | 5 6 7 8 10 11 | 11.0
Stealth        | 5 |  5.4
Fighting       | |  1.5
Dodging        | |  3.0

Action                   |  1- 3 |  4- 6 |  7- 9 || total
-------------------------+-------+-------+-------++-------
Melee: Unarmed           |    10 |     7 |     1 ||    18
Throw: Tomahawk          |    88 |    62 |    22 ||   172
       Stone             |    23 |   305 |   436 ||   764
       Throwing net      |     2 |     3 |       ||     5
Invok: Burn Spellbooks   |       |       |     1 ||     1
  Use: Scroll            |       |     1 |       ||     1
       Potion            |       |       |     2 ||     2
  Eat: Fruit             |       |       |     1 ||     1
Armor: Robe              |     3 |    12 |     7 ||    22
Dodge: Dodged            |    37 |   109 |   136 ||   282

Table legend:
 A = Spawn XP
 B = Non-spawn XP
 C = Spawn XP percentage of total XP
 D = Spawn monster count
 E = Non-spawn monster count
 F = Spawn count percentage of total count
 G = Total turns spent on level
                    A         B        C        D         E        F      G
               +---------+---------+-------+---------+---------+-------+---------
         Total |       0 |    2307 |   0.0 |       0 |     113 |   0.0 |  7882
               +---------+---------+-------+---------+---------+-------+---------
           D:1 |       0 |      51 |   0.0 |       0 |      25 |   0.0 |  1184
           D:2 |       0 |     171 |   0.0 |       0 |      21 |   0.0 |   887
           D:3 |       0 |     176 |   0.0 |       0 |      19 |   0.0 |   638
           D:4 |       0 |     281 |   0.0 |       0 |      15 |   0.0 |  1575
           D:5 |       0 |     762 |   0.0 |       0 |      10 |   0.0 |  1092
           D:6 |       0 |     439 |   0.0 |       0 |      13 |   0.0 |  1268
           D:7 |       0 |     427 |   0.0 |       0 |      10 |   0.0 |  1079
               +---------+---------+-------+---------+---------+-------+---------
